Map: Terraform LE (Void)

Players

Cheeseysheep

  • Race: Protoss Protoss
  • League: Silver

wabbajack - Winner!

  • Race: Zerg Zerg
  • League: Gold

VOD

Have the link to the VOD?

Description

Time

  • Played on: July 18, 2015, 5:30 p.m.
  • Length: 11:42
Show
View Real Time Build Order
Export as new Build Order

Cheeseysheep Protoss 

Build Orders:  

Get SALT Encoding   

  12  0:01  Probe  
  13  0:15  Pylon  
  13  0:35  Gateway  
  13  0:45  Assimilator  
  13  0:46  Probe (Chrono Boost)  
  14  0:50  Assimilator  
  15  0:58  Probe (Chrono Boost)  
  15  1:04  Probe (Chrono Boost)  
  16  1:15  Probe (Chrono Boost)  
  17  1:24  Cybernetics Core, Probe (Chrono Boost)  
  17  1:25  Pylon  
  18  1:41  Probe  
  19  1:53  Probe  
  20  2:03  Stalker, Warp Gate (Chrono Boost)  
  22  2:09  Forge  
  22  2:22  Probe (Chrono Boost)  
  22  2:32  Probe (Chrono Boost)  
  23  2:40  Mothership Core, Gateway  
  25  2:48  Pylon  
  25  2:54  Protoss Shields Level 1 (Chrono Boost)  
  25  2:59  Sentry  
  27  3:29  Nexus  
  27  3:42  Gateway  
  27  3:54  Probe  
  28  3:58  Sentry  
  28  3:59  Pylon  
  30  4:06  Probe  
  30  4:07  Stalker  
  28  4:25  Zealot  
  30  4:33  Probe (Chrono Boost)  
  31  4:39  Sentry  
  31  4:43  Probe (Chrono Boost)  
  34  4:47  Probe (Chrono Boost)  
  34  4:50  Probe  
  32  5:02  Probe x2 (Chrono Boost)  
  33  5:12  Probe (Chrono Boost)  
  34  5:19  Probe  
  35  5:26  Stalker  
  37  5:31  Probe  
  38  5:38  Photon Cannon  
  38  5:43  Sentry, Probe  
  41  5:54  Probe (Chrono Boost)  
  43  6:05  Probe (Chrono Boost)  
  43  6:07  Stargate  
  43  6:10  Protoss Ground Weapons Level 1 (Chrono Boost)  
  43  6:11  Probe (Chrono Boost)  
  43  6:17  Stalker  
  46  6:24  Probe (Chrono Boost)  
  47  6:32  Probe (Chrono Boost)  
  48  6:41  Probe  
  49  7:34  Robotics Facility  
  49  7:35  Robotics Facility  
  49  7:37  Probe (Chrono Boost)  
  50  7:47  Probe (Chrono Boost)  
  50  7:49  Gateway, Pylon  
  50  7:50  Void Ray (Chrono Boost)  
  55  7:54  Probe  
  55  7:57  Protoss Ground Armor Level 1 (Chrono Boost)  
  56  8:00  Pylon  
  56  8:01  Gateway  
  56  8:03  Pylon  
  56  8:06  Probe, Pylon  
  56  8:09  Twilight Council  
  56  8:10  Probe  
  58  8:21  Observer  
  58  8:22  Probe  
  58  8:25  Void Ray  
  64  8:30  Immortal  
  68  8:35  Probe  
  68  8:37  Assimilator  
  68  8:39  Assimilator  
  69  8:47  Probe  
  70  8:53  Nexus  
  70  8:57  Pylon  
  70  8:59  Probe  
  71  9:12  Robotics Bay  
  71  9:15  Probe (Chrono Boost)  
  73  9:25  Probe (Chrono Boost)  
  73  9:27  Immortal  
  73  9:30  Zealot x5  
  87  9:32  Probe  
  88  9:44  Probe  
  89  9:56  Probe  
  89  9:59  Extended Thermal Lance (Chrono Boost)  
  90  10:11  Pylon  
  90  10:14  Void Ray  
  90  10:17  Pylon  
  94  10:24  Probe  
  76  10:36  Probe  
  76  10:41  Observer  
  76  10:48  Stalker, Probe  
  76  10:49  Stalker x2  
  71  10:50  Stalker x2  
  58  11:00  Probe  
  36  11:12  Probe  
  40  11:18  Zealot  
  40  11:19  Zealot x4  
Show
View Real Time Build Order
Export as new Build Order

wabbajack Zerg - Winner!

Build Orders: Pool First, Lurkers 

Get SALT Encoding   

  12  0:01  Drone  
  13  0:17  Drone, Overlord  
  14  0:26  Extractor  
  13  0:29  Extractor  
  13  0:30  Drone  
  13  0:31  Drone  
  16  0:50  Spawning Pool  
  16  0:53  Drone, Extractor  
  16  0:55  Drone  
  16  1:02  Drone  
  17  1:23  Hatchery  
  16  1:29  Drone  
  16  1:30  Drone  
  18  1:41  Queen  
  20  1:50  Overlord  
  20  1:54  Drone  
  21  1:57  Drone  
  22  2:10  Metabolic Boost  
  22  2:12  Drone  
  23  2:17  Extractor  
  22  2:35  Baneling Nest  
  22  2:36  Drone x3  
  24  2:42  Queen  
  26  2:47  Zergling x2  
  26  2:48  Zergling x2  
  28  3:05  Pneumatized Carapace  
  28  3:06  Zergling x2  
  28  3:07  Zergling x4  
  28  3:08  Zergling x2  
  32  3:14  Overlord  
  32  3:29  Drone  
  32  3:30  Drone x3  
  36  3:36  Baneling  
  36  3:37  Baneling x2  
  36  3:38  Baneling  
  36  3:45  Overlord  
  33  4:50  Overlord  
  33  4:51  Drone x4  
  33  4:52  Drone x7  
  43  4:57  Roach Warren  
  41  5:06  Overlord x2  
  40  5:09  Lair  
  40  5:13  Roach Warren  
  39  5:15  Drone x3  
  39  5:16  Evolution Chamber  
  41  5:33  Queen  
  41  5:35  Hatchery, Extractor  
  41  5:55  Drone x3  
  41  5:56  Drone x2  
  46  5:58  Overlord  
  46  5:59  Overlord  
  46  6:00  Zerg Missile Weapons Level 1  
  46  6:01  Roach  
  46  6:02  Roach x4  
  56  6:08  Glial Reconstitution  
  56  6:09  Hydralisk Den  
  55  6:24  Lurker Den, Extractor  
  54  6:28  Zergling x6  
  57  6:41  Drone x3  
  57  6:42  Drone  
  57  6:44  Drone  
  57  6:45  Drone  
  63  6:49  Spine Crawler  
  60  6:57  Hydralisk  
  60  6:58  Hydralisk x6  
  74  7:05  Queen  
  76  7:20  Overlord  
  76  7:42  Drone x2  
  78  7:47  Overlord x3  
  78  7:48  Overlord  
  78  7:51  Muscular Augments  
  78  7:54  Zerg Missile Weapons Level 2  
  78  8:00  Evolution Chamber  
  78  8:01  Lurker x5  
  78  8:03  Overlord  
  78  8:04  Overlord  
  82  8:18  Hatchery  
  81  8:38  Zerg Ground Armor Level 1  
  81  8:45  Drone x2  
  83  9:00  Hydralisk x3  
  83  9:01  Hydralisk x4, Roach x3, Extractor  
  83  9:02  Hydralisk  
  104  9:09  Spore Crawler  
  103  9:15  Extractor  
  102  9:24  Drone x3  
  103  9:25  Drone  
  103  9:26  Drone x10  
  116  9:33  Overseer  
  116  9:36  Overseer x2  
  116  9:51  Spore Crawler, Spine Crawler  
  114  9:55  Spine Crawler  
  114  9:57  Drone x6, Spine Crawler  
  114  9:58  Drone  
  119  10:01  Drone  
  120  10:14  Hydralisk x5  
  113  10:51  Hatchery  
Tags
 
Add a new tag
Caveats
  • Supply blocks, unpowered buildings, or Contaminate may cause inaccurate times.
  • Supply counts are checked every 10 seconds.